Unix NetHack Version 3.7.0-88 Work-in-progress - last build Aug 6 2023 13:40:22 (5c9c4c7fffe0d5f0a8b1342c2a36a56ed743986a,branch:master). Game began 2023-08-10 13:03:06, ended 2023-08-10 16:30:18. Arasaka, neutral female gnomish Archeologist ------- ---------------- |.....-# |..............| |.....|# #########-..*......q....| |....<|# # |......Z....@:.-#### |.....|# # ...............| |.....|# ## .-----|-------.- |`....+## # # -------## # ##### # ##### ########### # # # # # # # # # # # ----+-# # |..`(-# ###-....| ------ Arasaka the Field Worker St:17 Dx:10 Co:15 In:12 Wi:17 Ch:9 Neutral Dlvl:5 $:0 HP:0(37) Pw:23(23) AC:7 Xp:5/246 T:3554 Latest messages: You lash it. You kill it! You try to feel what is lying here on the floor. There is a rock mole corpse here; eat it? [ynq] (n) This rock mole corpse is stringy. You finish eating the rock mole corpse. Wait! There's something there you can't see! You can see again. You lash the brown mold. You are suddenly very cold! You see here a rock. You stop waiting. You hear someone cursing shoplifters. What do you want to wield? [- af or ?*] The silver saber welds itself to your hand! The door opens. The iguana bites! You hear the footsteps of a guard on patrol. You miss the iguana. You hit the iguana. You miss the water nymph. The water nymph stole a worthless piece of yellowish brown glass. The water nymph vanishes and reappears farther away. The iguana bites! What do you want to use or apply? [aegmovwzB or ?*] You put 19 gold pieces into the bag called BoH. You put an uncursed +2 bullwhip into the bag called BoH. You cannot stash something you are wearing. You cannot stash something you are wearing. You put a scroll labeled PRATYAVAYAH into the bag called BoH. You put a spellbook of cause fear into the bag called BoH. You put a spellbook of detect food into the bag called BoH. You put a pink potion into the bag called BoH. You put a sky blue potion into the bag called BoH. You put a smoky potion into the bag called BoH. You put a wand called tele/mkinvis/cancel into the bag called BoH. You put a wand of light into the bag called BoH. That would be an interesting topological exercise. You put an empty uncursed sack into the bag called BoH. You put a lock pick into the bag called BoH. You put an uncursed touchstone into the bag called BoH. The water nymph vanishes! You hear the chime of a cash register. You miss the iguana. The iguana bites! You hit the iguana. The iguana bites! You miss the iguana. The iguana bites! You die... Inventory: Weapons (')') f - a cursed +0 silver saber (weapon in hand) Armor ('[') r - an uncursed +0 pair of water walking boots (being worn) n - an uncursed +0 leather armor (being worn) Tools ('(') z - an uncursed bag of holding containing 18 items Contents of the bag of holding: 900 gold pieces an uncursed +2 bullwhip 3 uncursed food rations a blessed tin of sewer rat meat 2 uncursed eggs an uncursed scroll of identify an uncursed spellbook of cause fear an uncursed spellbook of detect food an uncursed potion of hallucination a blessed potion of object detection an uncursed potion of speed an uncursed wand of light (0:14) an uncursed wand of teleportation (0:5) an empty uncursed sack an uncursed lock pick an uncursed +0 pick-axe an uncursed tinning kit (0:41) an uncursed touchstone Arasaka the Archeologist's attributes: Background: You were a Field Worker, a level 5 female gnomish Archeologist. You were neutral, on a mission for Camaxtli who was opposed by Quetzalcoatl (lawful) and Huhetotl (chaotic). You were in the Dungeons of Doom, on level 5. You entered the dungeon 3554 turns ago. You had 246 experience points, 74 more were needed to attain level 6. Basics: You had 0 out of 37 hit points. You had all 23 energy points (spell power). Your armor class was 7. Your wallet was empty, but you had 900 zorkmids stashed away in your pack. Autopickup was on for '$"?' plus thrown, with exceptions. Final Characteristics: Your strength was 17 (limit:18/50). Your dexterity was 10 (limit:18). Your constitution was 15 (limit:18). Your intelligence was 12 (limit:19). Your wisdom was 17 (limit:18). Your charisma was 9 (limit:18). Final Status: You were not hungry. You were unencumbered. You were wielding a saber. You were unskilled in saber. Final Attributes: You were piously aligned. You had automatic searching. You had infravision. You were stealthy. You could walk on water. You were warded. You are dead. Miscellaneous: You disabled loading of bones levels. Total elapsed playing time was 16 minutes and 30 seconds. Major events: Turn 1: Arasaka the neutral female gnomish Archeologist entered the dungeon 545: entered the Gnomish Mines 689: attained the rank of Field Worker (level 3) 3554: killed by an iguana Vanquished creatures: a rock mole a yellow light a little dog a kitten a homunculus a kobold leader a giant bat a dwarf zombie 2 iguanas an acid blob 2 coyotes 2 gas spores 3 hobbits 5 manes a gnome zombie 6 geckos a jackal 4 foxes a kobold 4 goblins 4 sewer rats 6 grid bugs 3 bats 7 lichens 3 kobold zombies 6 newts 69 creatures vanquished. No species were genocided or became extinct. Voluntary challenges: You read items or engraved 8 times. You never engraved Elbereth. You never genocided any monsters. You never polymorphed an object. You never changed form. You used no wishes. Achievements: You entered the Gnomish Mines. You attained the rank of Field Worker. You entered a shop. The Dungeons of Doom: levels 1 to 5 Level 1: "s" A fountain. Level 2: "s" Many fountains. Stairs down to The Gnomish Mines. Level 3: A general store, some fountains, a sink. Level 4: Some fountains. Level 5: <- You were here. Final resting place for you, killed by an iguana. The Gnomish Mines: Level 3: Game over: ---------- / \ / REST \ / IN \ / PEACE \ / \ | Arasaka | | 900 Au | | killed by an | | iguana | | | | | | 2023 | *| * * * | * _________)/\\_//(\/(/\)/\//\/|_)_______ Goodbye Arasaka the Archeologist... You died in The Dungeons of Doom on dungeon level 5 with 2004 points, and 900 pieces of gold, after 3554 moves. You were level 5 with a maximum of 37 hit points when you died.